3A
BELLEVILLE BULLS @ DELAWARE 1787 BC
08/06/2025
 
TOP OF THE 1ST
Belleville Bulls batting - Pitching for Delaware 1787 BC : RHP Brian Fixel
Pitching: RHP Brian Fixel
Batting: LHB Tommy Sullivan 0-0: Called Strike
0-1: Fly out, F9 (Line Drive, 9)
Batting: RHB Miguel González 0-0: Ground out 5-3 (Groundball, 5L)
Batting: RHB Markus Thompson 0-0: Swinging Strike
0-1: Ball
1-1: Fly out, F2 (Popup, 5S)
Top of the 1st over - 0 run(s), 0 hit(s), 0 error(s), 0 left on base; Belleville 0 - Delaware 0
BOTTOM OF THE 1ST
Delaware 1787 BC batting - Pitching for Belleville Bulls : LHP George Eisenhauer
Pitching: LHP George Eisenhauer
Batting: LHB Manoo Satyavrat 0-0: Foul Ball, location: 2F
0-1: Foul Ball, location: 2F
0-2: Strikes out swinging
Batting: LHB José Rodríguez 0-0: Called Strike
0-1: Ground out 5-3 (Groundball, 5)
Batting: LHB Francisco García 0-0: Called Strike
0-1: Foul Ball, location: 2F
0-2: Strikes out swinging
Bottom of the 1st over - 0 run(s), 0 hit(s), 0 error(s), 0 left on base; Belleville 0 - Delaware 0
TOP OF THE 2ND
Belleville Bulls batting - Pitching for Delaware 1787 BC : RHP Brian Fixel
Batting: RHB Vincente Fuentes 0-0: Ball
1-0: Foul Ball, location: 2F
1-1: Fly out, F8 (Flyball, 8RS)
Batting: RHB Dean Summers 0-0: Called Strike
0-1: Swinging Strike
0-2: Foul Ball, location: 2F
0-2: Ball
1-2: Foul Ball, location: 2F
1-2: Strikes out swinging
Batting: RHB Eduardo Morales 0-0: Ball
1-0: Foul Ball, location: 2F
1-1: Ball
2-1: Foul Ball, location: 2F
2-2: Foul Ball, location: 2F
2-2: Strikes out swinging
Top of the 2nd over - 0 run(s), 0 hit(s), 0 error(s), 0 left on base; Belleville 0 - Delaware 0
BOTTOM OF THE 2ND
Delaware 1787 BC batting - Pitching for Belleville Bulls : LHP George Eisenhauer
Batting: RHB Wilson Vega 0-0: SINGLE (Line Drive, 89S)
Batting: SHB Sam Quint 0-0: Ball
Wilson Vega is caught stealing 2nd base
1-0: Ball
2-0: Called Strike
2-1: Ball
3-1: Called Strike
3-2: Ground out 1-3 (Groundball, 13)
Batting: RHB Héctor Flores 0-0: Ball
1-0: Ball
2-0: Ball
3-0: Base on Balls
Batting: LHB Chase Popoff 0-0: Ball
1-0: Ball
2-0: Called Strike
2-1: Called Strike
2-2: Ground out 3-1 (Groundball, 34)
Bottom of the 2nd over - 0 run(s), 1 hit(s), 0 error(s), 1 left on base; Belleville 0 - Delaware 0
TOP OF THE 3RD
Belleville Bulls batting - Pitching for Delaware 1787 BC : RHP Brian Fixel
Batting: RHB Tomás Bermúdez 0-0: Swinging Strike
0-1: Called Strike
0-2: Strikes out looking
Batting: RHB Duane Wills 0-0: Called Strike
0-1: Foul Ball, location: 2F
0-2: Strikes out swinging
Batting: RHB Ernest Daniels 0-0: Called Strike
0-1: Ball
1-1: Ball
2-1: Swinging Strike
2-2: Strikes out swinging
Top of the 3rd over - 0 run(s), 0 hit(s), 0 error(s), 0 left on base; Belleville 0 - Delaware 0
BOTTOM OF THE 3RD
Delaware 1787 BC batting - Pitching for Belleville Bulls : LHP George Eisenhauer
Batting: RHB Gilberto Rodríguez 0-0: Ball
1-0: Ball
2-0: Called Strike
2-1: Ball
3-1: Base on Balls
Batting: RHB Senior Pond 0-0: Ball
1-0: Ball
2-0: Called Strike
2-1: Fielders Choice at 2nd, 5-4 (Groundball, 56)
Batting: LHB Manoo Satyavrat 0-0: Ball
1-0: Ball
2-0: Ball
3-0: Called Strike
3-1: Foul Ball, location: 2F
3-2: Foul Ball, location: 2F
3-2: Foul Ball, location: 2F
3-2: Foul Ball, location: 2F
3-2: Base on Balls
Senior Pond to second
Batting: LHB José Rodríguez 0-0: Foul Ball, location: 2F
0-1: Ball
1-1: Ball
2-1: Ball
3-1: Foul Ball, location: 2F
3-2: Strikes out looking
Batting: LHB Francisco García 0-0: Ball
1-0: Ball
2-0: Ball
3-0: Called Strike
3-1: Called Strike
3-2: Strikes out swinging
Bottom of the 3rd over - 0 run(s), 0 hit(s), 0 error(s), 2 left on base; Belleville 0 - Delaware 0
TOP OF THE 4TH
Belleville Bulls batting - Pitching for Delaware 1787 BC : RHP Brian Fixel
Batting: LHB Tommy Sullivan 0-0: Ball
1-0: Ball
2-0: Called Strike
2-1: Ground out 3-1 (Groundball, 34)
Batting: RHB Miguel González 0-0: Ball
1-0: Foul Ball, location: 2F
1-1: Ball
2-1: Fly out, F9 (Flyball, 9S)
Batting: RHB Markus Thompson 0-0: Ball
1-0: Called Strike
1-1: Ball
2-1: Swinging Strike
2-2: Strikes out looking
Top of the 4th over - 0 run(s), 0 hit(s), 0 error(s), 0 left on base; Belleville 0 - Delaware 0
BOTTOM OF THE 4TH
Delaware 1787 BC batting - Pitching for Belleville Bulls : LHP George Eisenhauer
Pitching: RHP Gonzalo Ruíz
Batting: RHB Wilson Vega 0-0: Called Strike
0-1: Fly out, F8 (Flyball, 89D)
Batting: SHB Sam Quint 0-0: Ball
1-0: Ball
2-0: Ball
3-0: Called Strike
3-1: Swinging Strike
3-2: Foul Ball, location: 2F
3-2: Strikes out swinging
Batting: RHB Héctor Flores 0-0: Fly out, F9 (Flyball, 9S)
Bottom of the 4th over - 0 run(s), 0 hit(s), 0 error(s), 0 left on base; Belleville 0 - Delaware 0
TOP OF THE 5TH
Belleville Bulls batting - Pitching for Delaware 1787 BC : RHP Brian Fixel
Batting: RHB Vincente Fuentes 0-0: Fly out, F8 (Line Drive, 8LS)
Batting: RHB Dean Summers 0-0: Ball
1-0: Reached on error, E6 (Groundball, 6)
Batting: RHB Eduardo Morales 0-0: Called Strike
0-1: Swinging Strike
0-2: Ball
1-2: Strikes out looking
Batting: RHB Tomás Bermúdez 0-0: SINGLE (Groundball, 6D)
Dean Summers to second
Batting: RHB Duane Wills 0-0: Ball
1-0: Called Strike
1-1: Foul Ball, location: 2F
1-2: Strikes out looking
Top of the 5th over - 0 run(s), 1 hit(s), 1 error(s), 2 left on base; Belleville 0 - Delaware 0
BOTTOM OF THE 5TH
Delaware 1787 BC batting - Pitching for Belleville Bulls : RHP Gonzalo Ruíz
Batting: LHB Chase Popoff 0-0: Ball
1-0: Foul Ball, location: 2F
1-1: Ground out 3-1 (Groundball, 34)
Batting: RHB Gilberto Rodríguez 0-0: Ball
1-0: Foul Ball, location: 2F
1-1: Ball
2-1: Foul Ball, location: 2F
2-2: Foul Ball, location: 2F
2-2: Strikes out looking
Batting: RHB Senior Pond 0-0: Ball
1-0: Ball
2-0: Bunted foul
2-1: SINGLE (Line Drive, 8RS)
Batting: LHB Manoo Satyavrat 0-0: Ball
1-0: Swinging Strike
1-1: Ball
2-1: Ball
3-1: Foul Ball, location: 2F
3-2: Foul Ball, location: 2F
3-2: Foul Ball, location: 2F
3-2: Ground out U3 (Groundball, 3)
Bottom of the 5th over - 0 run(s), 1 hit(s), 0 error(s), 1 left on base; Belleville 0 - Delaware 0
TOP OF THE 6TH
Belleville Bulls batting - Pitching for Delaware 1787 BC : RHP Brian Fixel
Batting: RHB Ernest Daniels 0-0: Ball
1-0: Ground out 6-3 (Groundball, 6)
Batting: LHB Tommy Sullivan 0-0: Fly out, F9 (Flyball, 9LS)
Batting: RHB Miguel González 0-0: Swinging Strike
0-1: Called Strike
0-2: Hit by Pitch
Batting: RHB Markus Thompson 0-0: Called Strike
0-1: Fly out, F8 (Flyball, 8LM)
Top of the 6th over - 0 run(s), 0 hit(s), 0 error(s), 1 left on base; Belleville 0 - Delaware 0
BOTTOM OF THE 6TH
Delaware 1787 BC batting - Pitching for Belleville Bulls : RHP Gonzalo Ruíz
Batting: LHB José Rodríguez 0-0: Called Strike
0-1: Foul Ball, location: 2F
0-2: Ball
1-2: Ball
2-2: DOUBLE (Line Drive, 8LD)
Batting: LHB Francisco García 0-0: Intentional Walk
Batting: RHB Wilson Vega 0-0: Fly out, F8 (Flyball, 8RS)
Now in CF: Ruben Yim
Batting: SHB Sam Quint 0-0: Foul Ball, location: 2F
0-1: Ball
1-1: Ball
2-1: Swinging Strike
2-2: Strikes out swinging
Batting: RHB Héctor Flores 0-0: Ball
1-0: Called Strike
1-1: Fielders Choice at 2nd, 6-4 (Groundball, 6)
Bottom of the 6th over - 0 run(s), 1 hit(s), 0 error(s), 1 left on base; Belleville 0 - Delaware 0
TOP OF THE 7TH
Belleville Bulls batting - Pitching for Delaware 1787 BC : RHP Brian Fixel
Pinch Hitting: LHB Jesús Mancía 0-0: Ball
1-0: Ball
2-0: Called Strike
2-1: Ball
3-1: Fly out, F8 (Flyball, 8LD)
Batting: RHB Dean Summers 0-0: Called Strike
0-1: Ball
1-1: Ball
2-1: Foul Ball, location: 2F
2-2: Ball
3-2: Foul Ball, location: 2F
3-2: Ground out 6-3 (Groundball, 6)
Batting: LHB Ruben Yim 0-0: Ball
1-0: Fly out, F8 (Flyball, 8LD)
Top of the 7th over - 0 run(s), 0 hit(s), 0 error(s), 0 left on base; Belleville 0 - Delaware 0
BOTTOM OF THE 7TH
Delaware 1787 BC batting - Pitching for Belleville Bulls : RHP Gonzalo Ruíz
Now at 3B: Jesús Mancía
Batting: LHB Chase Popoff 0-0: Ball
1-0: Foul Ball, location: 2F
1-1: Swinging Strike
1-2: SINGLE (Line Drive, 9LS)
Batting: RHB Gilberto Rodríguez 0-0: Foul Ball, location: 2F
0-1: Called Strike
0-2: Ball
1-2: Strikes out looking
Pinch Hitting: RHB Felipe Bruno 0-0: Ball
1-0: SINGLE (Groundball, 3D)
Chase Popoff to second
Runner from 2nd tries for 3rd, SAFE, no throw
Batting: LHB Manoo Satyavrat 0-0: Ball
1-0: Foul Ball, location: 2F
1-1: Swinging Strike
1-2: Ball
2-2: Strikes out swinging
Batting: LHB José Rodríguez 0-0: Ball
1-0: Foul Ball, location: 2F
1-1: Called Strike
1-2: Fielders Choice at 2nd, 4-6 (Groundball, 4)
Bottom of the 7th over - 0 run(s), 2 hit(s), 0 error(s), 1 left on base; Belleville 0 - Delaware 0
TOP OF THE 8TH
Belleville Bulls batting - Pitching for Delaware 1787 BC : RHP Brian Fixel
Now in CF: Damon Grinter
Pinch Hitting: RHB Jim Unknown 0-0: Swinging Strike
0-1: Foul Ball, location: 2F
0-2: Ground out 5-3 (Groundball, 56)
Batting: RHB Duane Wills 0-0: Called Strike
0-1: Foul Ball, location: 2F
0-2: Ball
1-2: Ball
2-2: Foul Ball, location: 2F
2-2: Foul Ball, location: 2F
2-2: SINGLE (Groundball, 34D)
Pinch Hitting: RHB Juan Román 0-0: Ground out 5-3 (Groundball, 56S)
Duane Wills to second
Batting: LHB Tommy Sullivan 0-0: Foul Ball, location: 2F
0-1: Foul Ball, location: 2F
0-2: Ball
1-2: Ball
2-2: Foul Ball, location: 2F
2-2: Foul Ball, location: 2F
2-2: Ground out 4-3 (Groundball, 34)
Top of the 8th over - 0 run(s), 1 hit(s), 0 error(s), 1 left on base; Belleville 0 - Delaware 0
BOTTOM OF THE 8TH
Delaware 1787 BC batting - Pitching for Belleville Bulls : RHP Gonzalo Ruíz
Now at 2B: Jim Unknown
Now at SS: Jorge Cortés
Batting: LHB Francisco García 0-0: Foul Ball, location: 2F
0-1: Foul Ball, location: 2F
0-2: Ball
1-2: Ball
2-2: Ball
3-2: Base on Balls
Batting: RHB Wilson Vega 0-0: Ball
1-0: Called Strike
1-1: Foul Ball, location: 2F
1-2: Fly out, F7 (Line Drive, 7LM)
Batting: SHB Sam Quint 0-0: Ball
1-0: Ball
2-0: Ball
3-0: Called Strike
3-1: Grounds into double play, 5-4-3 (Groundball, 56)
Bottom of the 8th over - 0 run(s), 0 hit(s), 0 error(s), 0 left on base; Belleville 0 - Delaware 0
TOP OF THE 9TH
Belleville Bulls batting - Pitching for Delaware 1787 BC : RHP Brian Fixel
Pitching: RHP Apollo Cepeda
Batting: RHB Miguel González 0-0: Called Strike
0-1: Ball
1-1: Called Strike
1-2: Ball
2-2: Strikes out swinging
Batting: RHB Markus Thompson 0-0: Called Strike
0-1: Foul Ball, location: 2F
0-2: Foul Ball, location: 2F
0-2: Foul Ball, location: 2F
0-2: Ball
1-2: Strikes out swinging
Batting: LHB Jesús Mancía 0-0: Swinging Strike
0-1: Swinging Strike
0-2: Strikes out looking
Top of the 9th over - 0 run(s), 0 hit(s), 0 error(s), 0 left on base; Belleville 0 - Delaware 0
BOTTOM OF THE 9TH
Delaware 1787 BC batting - Pitching for Belleville Bulls : RHP Gonzalo Ruíz
Pitching: RHP Rafael Peralta
Pinch Hitting: RHB Thurman Blumer 0-0: Called Strike
0-1: Fly out, F4 (Line Drive, 4M)
Batting: LHB Chase Popoff 0-0: Swinging Strike
0-1: Ball
1-1: Ball
2-1: Ball
3-1: Base on Balls
Pinch Runner at 1st Andrés Aguilar:
Pinch Hitting: LHB Ward Wilberfoss 0-0: Called Strike
0-1: Ball
1-1: Called Strike
1-2: Ball
2-2: Foul Ball, location: 2F
2-2: Ball
3-2: Strikes out swinging
Andrés Aguilar is caught stealing 2nd base
Batter strikes out.
Bottom of the 9th over - 0 run(s), 0 hit(s), 0 error(s), 0 left on base; Belleville 0 - Delaware 0
TOP OF THE 10TH
Belleville Bulls batting - Pitching for Delaware 1787 BC : RHP Apollo Cepeda
Now at C: Andrés Aguilar
Now at 1B: Ward Wilberfoss
Now at 3B: Arturo Urquiza
Pinch Hitting: SHB Tristan Shanks 0-0: Swinging Strike
0-1: Ball
1-1: Foul Ball, location: 2F
1-2: Strikes out swinging
Batting: LHB Ruben Yim 0-0: Called Strike
0-1: Reached on error, E3 (Groundball, 3)
Batting: RHB Jim Unknown 0-0: Called Strike
0-1: Called Strike
0-2: Ball
1-2: Ball
2-2: Foul Ball, location: 2F
2-2: Foul Ball, location: 2F
2-2: Strikes out swinging
Ruben Yim steals 2nd base
Batter strikes out.
Batting: RHB Duane Wills 0-0: Foul Ball, location: 2F
0-1: Ball
1-1: Called Strike
1-2: Strikes out swinging
Top of the 10th over - 0 run(s), 0 hit(s), 1 error(s), 1 left on base; Belleville 0 - Delaware 0
BOTTOM OF THE 10TH
Delaware 1787 BC batting - Pitching for Belleville Bulls : RHP Rafael Peralta
Now at C: Addy Kooijmans
Batting: RHB Damon Grinter 0-0: Foul Ball, location: 2F
0-1: Ball
1-1: Swinging Strike
1-2: Foul Ball, location: 2F
1-2: Strikes out swinging
Batting: LHB Manoo Satyavrat 0-0: Called Strike
0-1: Ground out 1-3 (Groundball, 13)
Batting: LHB José Rodríguez 0-0: Foul Ball, location: 2F
0-1: Swinging Strike
0-2: Ball
1-2: Strikes out looking
Bottom of the 10th over - 0 run(s), 0 hit(s), 0 error(s), 0 left on base; Belleville 0 - Delaware 0
TOP OF THE 11TH
Belleville Bulls batting - Pitching for Delaware 1787 BC : RHP Apollo Cepeda
Pitching: LHP Brian Brewer
Pinch Hitting: RHB Manuel Rosales 0-0: Ball
1-0: Reached on error, E5 (Groundball, 56)
Batting: LHB Tommy Sullivan 0-0: Called Strike
0-1: Swinging Strike
0-2: Ball
1-2: SINGLE (Line Drive, 4D)
Manuel Rosales to third
Runner from 3rd tries for Home, SAFE, throw made home
Tommy Sullivan to second
Batting: RHB Miguel González 0-0: TRIPLE (Flyball, 7LM)
Tommy Sullivan scores
Batting: RHB Markus Thompson 0-0: Intentional Walk
Batting: LHB Jesús Mancía 0-0: Swinging Strike
0-1: Swinging Strike
0-2: Strikes out swinging
Batting: RHB Addy Kooijmans 0-0: Foul Ball, location: 2F
0-1: Grounds into double play, 6-4-3 (Groundball, 6M)
Top of the 11th over - 2 run(s), 2 hit(s), 1 error(s), 1 left on base; Belleville 2 - Delaware 0
BOTTOM OF THE 11TH
Delaware 1787 BC batting - Pitching for Belleville Bulls : RHP Rafael Peralta
Pitching: RHP Fernando Espinosa
Now in LF: Manuel Rosales
Batting: LHB Francisco García 0-0: Ball
1-0: Ball
2-0: Ball
3-0: Called Strike
3-1: Fly out, F3 (Line Drive, 3)
Batting: RHB Wilson Vega 0-0: Reached on error, E6 (Groundball, 6M)
Batting: SHB Sam Quint 0-0: Ball
1-0: Foul Ball, location: 2F
1-1: Ball
2-1: Called Strike
2-2: SINGLE (Line Drive, 89S)
Wilson Vega to second
Pinch Hitting: RHB Cristóbal García 0-0: SINGLE (Line Drive, 78M)
Wilson Vega to third
Sam Quint to second
Batting: RHB Andrés Aguilar 0-0: Ball
1-0: Fly out, F7 (Flyball, 78M)
Runner from 3rd tags up, SCORES, no throw
Batting: LHB Ward Wilberfoss 0-0: Ball
1-0: Ball
2-0: Foul Ball, location: 2F
2-1: Ball
3-1: Base on Balls
Sam Quint to third
Cristóbal García to second
Batting: RHB Damon Grinter 0-0: Called Strike
0-1: Swinging Strike
0-2: Foul Ball, location: 2F
0-2: Ball
1-2: Strikes out swinging
Bottom of the 11th over - 1 run(s), 2 hit(s), 1 error(s), 3 left on base; Belleville 2 - Delaware 1
Friday, December 30th, 2016 - OOTP Baseball 17.12 Build 75